 Dungeon Crawl Stone Soup version 0.31-a0-167-g1c394c0614 (webtiles) character file.

Game seed: 9523153317012168754

791 qw the Shooter (level 7, 0/66 HPs)
             Began as a Naga Hunter on June 14, 2023.
             Was an Initiate of Okawaru.
             Slain by a hound (2 damage)
             ... on level 5 of the Dungeon.
             The game lasted 00:02:51 (4492 turns).

qw the Shooter (Naga Hunter)                        Turns: 4492, Time: 00:02:52

Health: 0/66       AC:  7    Str: 19    XL:     7   Next: 88%
Magic:  4/7        EV: 12    Int: 13    God:    Okawaru [......]
Gold:   290        SH:  0    Dex: 16    Spells: 6/6 levels left

rFire   . . .        Y - +0 shortbow
rCold   . . .        (shield currently unavailable)
rNeg    + . .        l - +1 ring mail of Tulips {Str+6 Int+3}
rPois   +            (no helmet)
rElec   .            (no cloak)
rCorr   .            (no gloves)
SInv    +            (no barding)
Will    .....        j - amulet of regeneration
Stlth   +++          f - ring of positive energy
HPRegen 1.11/turn    (no ring)
MPRegen 0.10/turn

%: no passive effects
@: short of breath, heroic, very slow
A: AC +2, large, see invisible, deformed body, poison resistance, slowness 2,
spit poison 1, naga tail 1
a: Spit Poison, Renounce Religion


You were on level 5 of the Dungeon.
You worshipped Okawaru.
Okawaru was noncommittal.
You visited 2 branches of the dungeon, and saw 7 of its levels.

You collected 290 gold pieces.


Innate Abilities, Weirdness & Mutations

Your serpentine skin is tough. (AC +2)
You have supernaturally acute eyesight. (SInv)
Armour fits poorly on your strangely shaped body.
Your system is resistant to poisons. (rPois)
You cover ground very slowly.
You can spit poison.
You have a snake-like lower body.


   Skills:
 - Level 4.4(9.4) Fighting
 + Level 7.2(12.2) Ranged Weapons
 - Level 1.9(6.9) Armour
 - Level 2.0(7.0) Dodging
 - Level 1.5(6.5) Stealth
 - Level 0.3 Invocations


You had 6 spell levels left.
You didn't know any spells.
Your spell library was empty.

Inventory:

Hand Weapons
 Y - a +0 shortbow (weapon)
Armour
 l - the +1 ring mail of Tulips (worn) {Str+6 Int+3}
   (You found it on level 3 of the Dungeon)

   Str:       It affects your strength (+6).
   Int:       It affects your intelligence (+3).
Jewellery
 f - a ring of positive energy (left hand)
 i - a ring of fire
 j - an amulet of regeneration (around neck)
Scrolls
 h - a scroll of identify
Potions
 a - 2 potions of haste
 b - a potion of enlightenment {unknown}
 d - a potion of curing
 e - 2 potions of might
 k - a potion of attraction {unknown}

Dungeon Overview and Level Annotations

Branches:
Dungeon (6/15)             Temple (1/1) D:4

Altars:
Ashenzari
Cheibriados
Dithmenos
Fedhas
Gozag
Hepliaklqana
Kikubaaqudgha
Makhleb
Okawaru
Qazlal
Ru
Sif Muna
Trog
Uskayaw
Vehumet
Xom
Yredelemnul
Zin
The Shining One

Shops:
D:3 (

Annotations:
D:4 1 runed translucent door, Crazy Yiuf
D:5 Dowan, Duvessa


Message History

The hound closely misses you.
The gnoll hits you from afar with a +0 halberd!
Dowan smirks and points a slender finger.
Duvessa hits you with a +0 rapier!
4489 ||| STAIRDANCE The adder bites you.
The hound bites you. The gnoll barely misses you.
The adder bites you but does no damage. Dowan hits you with a +0 dagger.
The gnoll hits you from afar with a +0 spear.
Duvessa zaps a wand.
The puff of flame hits you!
You climb upwards.
You have got your breath back.
There is a stone staircase leading down here.
Enter note:
Enter note:
Enter note:
Enter note:
Enter note:
Enter note:
Enter note:
Enter note:
Enter note:
Enter note:
Enter note:
Enter note:
Enter note:
Enter note:
Enter note:
4491 ||| INVOKING Heroism.
You gain the combat prowess of a mighty hero.
You can no longer gain great but temporary skills.
The hound bites you but does no damage. The adder closely misses you.
The hound barely misses you. Dowan hits you with a +0 dagger.
Duvessa zaps a wand.
The puff of flame misses you.
4492 ||| INVOKING Spit Poison.
Aiming: Spit Poison (1% risk of failure)
Press: ? - help, Shift-Dir - straight line, f - Duvessa The splash of poison hits Duvessa!
Duvessa is poisoned.
Duvessa is moderately wounded.
The hound bites you.
You die...

##..............####.##.
#...#.....#######.......
#..##......######....... ###
#..###.....[##.##....###
#.####...#.............#...##
###.#..............###...###.##
#..................# ##..##....
###.#..........e...# #...#.##..
###......(..@h...###.....####
##........eS...%....##.....
#............#.....###.#..
##..........###....# ###..
####.......######## #...
#.........# ###.. #..#......#
#.... ##.###...## #.... ###
##.## #....


You could see Duvessa (poisoned), Dowan, a hound and an adder.

Vanquished Creatures
  A water moccasin (D:5)
  A phantom (D:4)
  A kobold brigand (D:4)
  A bullfrog (D:5)
  2 scorpions (D:4)
  2 howler monkeys (D:4)
  2 orc priests (D:6)
  Ijyb (D:4)
  8 adders
  2 river rats (D:3)
  An ufetubus (D:5)
  7 worms
  A dart slug (D:2)
  7 orcs
  5 bats
  10 endoplasms
  A giant cockroach (D:2)
  9 goblins
  6 hobgoblins
  3 quokkas
  5 ball pythons
  2 frilled lizards
  7 kobolds
  7 rats
92 creatures vanquished.

Notes
Turn   | Place    | Note
-------+----------+-------------------------------------------
     0 | D:1      | qw the Naga Hunter began the quest for the Orb.
     0 | D:1      | Reached XP level 1. HP: 19/19 MP: 1/1
     0 | D:1      | 0 ||| qw: Version: 0.2-a-29-g1fa15c8
     0 | D:1      | 0 ||| qw: Game counter: 5150
     0 | D:1      | 0 ||| qw: Always use a shield: true
     0 | D:1      | 0 ||| qw: God list: Okawaru
     0 | D:1      | 0 ||| qw: Allow faded altars: false
     0 | D:1      | 0 ||| qw: Do Orc after D:15 true
     0 | D:1      | 0 ||| qw: Do second Lair branch before Depths: true
     0 | D:1      | 0 ||| qw: Lair rune preference: random
     0 | D:1      | 0 ||| qw: Plans: Normal
     0 | D:1      | 0 ||| PLANNING D:1-11
    22 | D:1      | 22 ||| INVOKING Spit Poison.
    37 | D:1      | 37 ||| INVOKING Spit Poison.
    42 | D:1      | 42 ||| INVOKING Spit Poison.
   155 | D:1      | 155 ||| INVOKING Spit Poison.
   157 | D:1      | Reached skill level 4 in Ranged Weapons
   157 | D:1      | Reached XP level 2. HP: 26/26 MP: 2/2
   163 | D:1      | 163 ||| INVOKING Spit Poison.
   210 | D:1      | 210 ||| INVOKING Spit Poison.
   213 | D:1      | 213 ||| INVOKING Spit Poison.
   219 | D:1      | 219 ||| INVOKING Spit Poison.
   223 | D:1      | 223 ||| INVOKING Spit Poison.
   305 | D:1      | 305 ||| INVOKING Spit Poison.
   309 | D:1      | 309 ||| INVOKING Spit Poison.
   315 | D:1      | 315 ||| INVOKING Spit Poison.
   401 | D:1      | 401 ||| INVOKING Spit Poison.
   405 | D:1      | Reached XP level 3. HP: 31/32 MP: 3/3
   619 | D:1      | 619 ||| INVOKING Spit Poison.
   625 | D:1      | 625 ||| INVOKING Spit Poison.
   645 | D:1      | 645 ||| UPGRADING to ring of positive energy.
   646 | D:1      | 646 ||| READING scroll labelled WIL SIJYNOUS.
   647 | D:1      | 647 ||| READING scroll labelled GALETZ YFACI.
   648 | D:1      | 648 ||| READING 2 scrolls labelled JIP CONIEDYFRI.
   651 | D:1      | 651 ||| DROPPING scroll of butterflies.
   663 | D:2      | 663 ||| INVOKING Spit Poison.
   689 | D:2      | 689 ||| INVOKING Spit Poison.
   693 | D:2      | 693 ||| INVOKING Spit Poison.
   707 | D:2      | 707 ||| INVOKING Spit Poison.
   712 | D:2      | 712 ||| INVOKING Spit Poison.
   761 | D:2      | 761 ||| INVOKING Spit Poison.
   771 | D:2      | 771 ||| INVOKING Spit Poison.
   814 | D:2      | Reached skill level 5 in Ranged Weapons
   818 | D:2      | 818 ||| INVOKING Spit Poison.
   821 | D:2      | Reached XP level 4. HP: 39/39 MP: 4/4
   844 | D:2      | 844 ||| INVOKING Spit Poison.
   863 | D:2      | 863 ||| INVOKING Spit Poison.
   876 | D:2      | 876 ||| INVOKING Spit Poison.
   879 | D:2      | 879 ||| INVOKING Spit Poison.
   899 | D:2      | 899 ||| INVOKING Spit Poison.
   977 | D:2      | 977 ||| READING scroll labelled AZUNYA TEACHUW.
   978 | D:2      | 978 ||| READING scroll labelled DAPAMO JERI.
   979 | D:2      | 979 ||| READING scroll labelled VAHOPA HATITHRI.
  1080 | D:2      | 1080 ||| READING scroll labelled RAMUNO UNNI.
  1081 | D:2      | 1081 ||| DRINKING 3 pink potions.
  1082 | D:2      | 1082 ||| READING 2 scrolls of identify.
  1082 | D:2      | 1082 ||| IDENTIFYING yellow potion
  1098 | D:3      | 1098 ||| PLANNING SEWER
  1135 | D:3      | 1135 ||| INVOKING Spit Poison.
  1148 | D:3      | 1148 ||| INVOKING Spit Poison.
  1154 | D:3      | 1154 ||| INVOKING Spit Poison.
  1167 | D:3      | 1167 ||| INVOKING Spit Poison.
  1222 | D:3      | 1222 ||| INVOKING Spit Poison.
  1223 | D:3      | Reached skill level 3 in Fighting
  1276 | D:3      | 1276 ||| INVOKING Spit Poison.
  1304 | D:3      | 1304 ||| INVOKING Spit Poison.
  1308 | D:3      | 1308 ||| INVOKING Spit Poison.
  1312 | D:3      | 1312 ||| INVOKING Spit Poison.
  1318 | D:3      | 1318 ||| INVOKING Spit Poison.
  1322 | D:3      | 1322 ||| INVOKING Spit Poison.
  1323 | D:3      | Reached XP level 5. HP: 31/49 MP: 5/5
  1427 | D:3      | Found Rilup's Weapon Emporium.
  1431 | D:3      | Identified the +1 ring mail of Tulips {Str+6 Int+3}
  1469 | D:3      | 1469 ||| INVOKING Spit Poison.
  1489 | D:3      | 1489 ||| INVOKING Spit Poison.
  1537 | D:3      | 1537 ||| INVOKING Spit Poison.
  1581 | D:3      | 1581 ||| RIP SEWER
  1604 | D:3      | 1604 ||| PLANNING D:1-11
  1654 | D:3      | 1654 ||| INVOKING Spit Poison.
  1782 | D:3      | 1782 ||| INVOKING Spit Poison.
  1804 | D:3      | 1804 ||| INVOKING Spit Poison.
  1811 | D:3      | 1811 ||| INVOKING Spit Poison.
  1833 | D:3      | 1833 ||| INVOKING Spit Poison.
  1839 | D:3      | 1839 ||| INVOKING Spit Poison.
  1843 | D:3      | 1843 ||| INVOKING Spit Poison.
  1868 | D:3      | 1868 ||| UPGRADING to +1 ring mail of Tulips {Str+6 Int+3}.
  1878 | D:3      | 1878 ||| DROPPING +0 leather armour.
  1879 | D:3      | 1879 ||| READING scroll labelled PICZAR BAISA.
  1880 | D:3      | 1880 ||| DRINKING 2 amethyst potions.
  1881 | D:3      | 1881 ||| DRINKING 3 coppery potions.
  1882 | D:3      | 1882 ||| READING 2 scrolls of identify.
  1882 | D:3      | 1882 ||| IDENTIFYING glowing yellow potion
  1883 | D:3      | 1883 ||| DROPPING potion of magic.
  1929 | D:4      | Found a staircase to the Ecumenical Temple.
  1930 | D:4      | 1930 ||| PLANNING TEMPLE
  1938 | Temple   | Entered the Ecumenical Temple
  1938 | Temple   | Found a transporter.
  1938 | Temple   | Found a transporter.
  1940 | Temple   | Found a transporter.
  1940 | Temple   | Found a transporter.
  1950 | Temple   | 1950 ||| PLANNING D:1-11
  1955 | Temple   | 1955 ||| PLANNING OKAWARU WORSHIP
  1962 | Temple   | Became a worshipper of Warmaster Okawaru
  1963 | Temple   | 1963 ||| PLANNING D:1-11
  1995 | D:4      | 1995 ||| INVOKING Spit Poison.
  1998 | D:4      | 1998 ||| INVOKING Spit Poison.
  2006 | D:4      | 2006 ||| INVOKING Spit Poison.
  2012 | D:4      | 2012 ||| INVOKING Spit Poison.
  2013 | D:4      | Reached skill level 6 in Ranged Weapons
  2013 | D:4      | Reached XP level 6. HP: 52/56 MP: 6/6
  2038 | D:4      | 2038 ||| INVOKING Spit Poison.
  2039 | D:4      | 2039 ||| INVOKING Spit Poison.
  2048 | D:4      | 2048 ||| INVOKING Spit Poison.
  2055 | D:4      | Noticed Ijyb
  2058 | D:4      | 2058 ||| INVOKING Spit Poison.
  2064 | D:4      | 2064 ||| INVOKING Spit Poison.
  2065 | D:4      | Killed Ijyb
  2065 | D:4      | Reached * piety under Okawaru
  2066 | D:4      | 2066 ||| INVOKING Heroism.
  2068 | D:4      | 2068 ||| INVOKING Spit Poison.
  2238 | D:4      | Found a runed translucent door.
  2239 | D:4      | Noticed Crazy Yiuf
  2254 | D:4      | 2254 ||| INVOKING Spit Poison.
  2334 | D:4      | 2334 ||| INVOKING Spit Poison.
  2355 | D:4      | 2355 ||| INVOKING Spit Poison.
  2359 | D:4      | 2359 ||| INVOKING Spit Poison.
  2365 | D:4      | 2365 ||| INVOKING Heroism.
  2366 | D:4      | 2366 ||| INVOKING Spit Poison.
  2372 | D:4      | HP: 14/58 [orc/+0 mace (2)]
  2373 | D:4      | Reached XP level 7. HP: 16/66 MP: 4/7
  2373 | D:4      | 2373 ||| READING scroll of teleportation.
  2374 | D:4      | 2374 ||| DRINKING potion of heal wounds.
  2375 | D:4      | 2375 ||| INVOKING Spit Poison.
  2511 | D:4      | 2511 ||| INVOKING Spit Poison.
  2514 | D:4      | 2514 ||| INVOKING Spit Poison.
  2579 | D:4      | 2579 ||| Stepping ~*~*~tactically~*~*~ (outnumbered).
  2581 | D:4      | 2581 ||| INVOKING Spit Poison.
  2582 | D:4      | 2582 ||| Stepping ~*~*~tactically~*~*~ (outnumbered).
  2587 | D:4      | 2587 ||| INVOKING Spit Poison.
  2594 | D:4      | 2594 ||| INVOKING Spit Poison.
  3783 | D:5      | Entered Level 5 of the Dungeon
  3813 | D:5      | 3813 ||| INVOKING Spit Poison.
  3928 | D:5      | 3928 ||| INVOKING Spit Poison.
  3931 | D:5      | 3931 ||| INVOKING Spit Poison.
  3932 | D:5      | Reached skill level 7 in Ranged Weapons
  4109 | D:5      | 4109 ||| INVOKING Spit Poison.
  4113 | D:5      | 4113 ||| INVOKING Spit Poison.
  4130 | D:5      | Reached skill level 1 in Armour
  4314 | D:5      | 4314 ||| INVOKING Spit Poison.
  4319 | D:5      | 4319 ||| INVOKING Spit Poison.
  4381 | D:5      | 4381 ||| INVOKING Spit Poison.
  4442 | D:5      | 4442 ||| UPGRADING to amulet of regeneration.
  4447 | D:5      | 4447 ||| READING scroll labelled ISIPRU NAMNUU.
  4448 | D:5      | 4448 ||| READING scroll labelled VANUNUOSHRADGHU.
  4477 | D:6      | Noticed Duvessa
  4477 | D:6      | Noticed Dowan
  4478 | D:6      | 4478 ||| INVOKING Heroism.
  4479 | D:6      | 4479 ||| INVOKING Spit Poison.
  4484 | D:6      | 4484 ||| INVOKING Spit Poison.
  4488 | D:6      | HP: 15/66 [Duvessa/+0 rapier (10)]
  4489 | D:6      | 4489 ||| STAIRDANCE
  4489 | D:6      | HP: 1/66 [Duvessa/puff of flame (7)]
  4491 | D:5      | 4491 ||| INVOKING Heroism.
  4492 | D:5      | 4492 ||| INVOKING Spit Poison.
  4492 | D:5      | Slain by a hound

Levels and vault maps discovered:
D:1:      lightli_arrival_chessboard, layout_loops_ring, nicolae_wormholes
D:2:      layout_basic, nicolae_half_adder
D:3:      layout_loops_cross, serial_shops, nicolae_shop_rolling_square,
          lightli_sewer_entry_pipes
D:4:      nicolae_cairo_tiling_very_big, layout_rooms,
          minmay_temple_entry_glassed_door, uniq_crazy_yiuf_cottage, uniq_ijyb
D:5:      layout_cave_pools
D:6:      layout_cave_pools, nicolae_overflow_hidden_temple,
          minmay_misc_feat_doors, uniq_duvessa, uniq_pikel
Temple:   hellmonk_temple_divided_pantheon

Skill      XL: |  1  2  3  4  5  6  7 |
---------------+----------------------+-----
Ranged Weapons | 4 5 6 7 |  7.2
Fighting       | 3 4 |  4.4
Armour         | 1 |  1.9
Dodging        | 2 |  2.0
Stealth        | |  1.5
Invocations    | |  0.3

Action                     |  1- 3 |  4- 6 |  7- 9 || total
---------------------------+-------+-------+-------++-------
   Fire: Shortbow          |    72 |   111 |    61 ||   244
 Invoke: Heroism           |       |     2 |     2 ||     4
Ability: Spit Poison       |    23 |    40 |    17 ||    80
    Use: Scroll            |     3 |     7 |     3 ||    13
         Potion            |       |     3 |     1 ||     4
 Armour: Leather armour    |    15 |     5 |       ||    20
         Ring mail         |       |    20 |    29 ||    49
  Dodge: Dodged            |    22 |    45 |    51 ||   118

Table legend:
 A = Non-vault XP
 B = Vault XP
 C = Vault XP percentage of total XP
 D = Non-vault monster count
 E = Vault monster count
 F = Vault count percentage of total count
                 A         B        C        D         E       F
            +---------+---------+-------+---------+---------+-------
      Total |     989 |     141 |  12.5 |      80 |      12 |  13.0
            +---------+---------+-------+---------+---------+-------
        D:1 |      30 |      10 |  25.0 |      19 |       2 |   9.5
        D:2 |      49 |      27 |  35.5 |      18 |       2 |  10.0
        D:3 |      41 |      69 |  62.7 |      14 |       7 |  33.3
        D:4 |     512 |      35 |   6.4 |      21 |       1 |   4.5
        D:5 |     273 |       0 |   0.0 |       6 |       0 |   0.0
        D:6 |      84 |       0 |   0.0 |       2 |       0 |   0.0
            +---------+---------+-------+---------+---------+-------
